 Dungeon Crawl Stone Soup version 0.23.0-3-gf3c87f2 (console) character file.

Game seed: 3910248091144119359

23 fly the Firebug (level 2, -2/24 HPs)
             Began as an Ogre Fire Elementalist on Feb 24, 2019.
             Killed from afar by Natasha (5 damage)
             ... with a magic dart
             ... on level 2 of the Dungeon.
             The game lasted 00:02:25 (1217 turns).

fly the Firebug (Ogre Fire Elementalist)            Turns: 1217, Time: 00:02:26

Health: -2/24      AC:  3    Str: 11    XL:     2   Next: 95%
Magic:  1/5        EV: 10    Int: 16    God:
Gold:   80         SH:  0    Dex:  9    Spells: 5/6 levels left

rFire    + . .     SeeInvis .   (no weapon)
rCold    . . .     Gourm    .   (no shield)
rNeg     . . .     Faith    .   y - +0 robe
rPois    .         Spirit   .   (helmet restricted)
rElec    .         Reflect  .   (no cloak)
rCorr    .         Harm     .   (gloves unavailable)
MR       .....                  (boots unavailable)
Stlth    +.........             (no amulet)
HPRegen  0.08/turn              j - ring of protection from fire
MPRegen  0.09/turn              (no ring)

@: slowed, very slow
A: large, unfitting armour, tough skin 1
a: no special abilities


You were on level 2 of the Dungeon.
You were not hungry.

You visited 1 branch of the dungeon, and saw 3 of its levels.

You collected 80 gold pieces.

Inventory:

Armour
 y - a +0 robe (worn)
Jewellery
 j - a ring of protection from fire (left hand)
Scrolls
 a - 2 scrolls of remove curse {unknown}
 b - a scroll of enchant weapon {unknown}
 d - 2 scrolls of teleportation {unknown}
 e - a scroll of amnesia {unknown}
 h - a scroll of enchant armour {unknown}
 i - a scroll of immolation {unknown}
Potions
 g - a potion of brilliance {unknown}
 k - a potion of invisibility {unknown}
Comestibles
 c - 2 rations


   Skills:
 + Level 2.1 Dodging
 - Level 1.4 Stealth
 + Level 2.7 Spellcasting
 * Level 1.6 Conjurations
 + Level 2.9 Fire Magic


You had 5 spell levels left.
You knew the following spells:

 Your Spells              Type           Power        Failure   Level  Hunger
z - Flame Tongue          Conj/Fire      #....        8%          1    #......

Your spell library contained the following spells:

 Spells                   Type           Power        Failure   Level  Hunger
 Throw Flame              Conj/Fire      #.....       12%         2    ##.....
 Conjure Flame            Conj/Fire      #.......     22%         3    ###....
 Inner Flame              Hex/Fire       #.......     32%         3    ###....
 Sticky Flame             Conj/Fire      #.......     58%         4    #####..
 Fireball                 Conj/Fire      #.........   91%         5    ######.


Dungeon Overview and Level Annotations

Branches:
Dungeon (3/15)

Altars:
Wu Jian

Annotations:
D:2 Natasha


Innate Abilities, Weirdness & Mutations

You are too large for most types of armour.
You have tough skin. (AC +1)


Message History

A frilled lizard comes into view.
Found a scroll labeled CAR APOFITU.
The white imp disappears in a puff of smoke!
The adder bites you.
* * * LOW HITPOINT WARNING * * *
Natasha hisses.
Natasha claws you.
* * * LOW HITPOINT WARNING * * *
The adder bites you but does no damage.
It was a potion of curing.
You feel better. The adder closely misses you. Natasha barely misses you.
The adder bites you but does no damage. Natasha closely misses you.
The adder bites you.
* * * LOW HITPOINT WARNING * * *
The adder closely misses you. Natasha claws you but does no damage.
The adder bites you but does no damage. Natasha claws you but does no damage.
The adder closely misses you. Natasha casts a spell at you.
The magic dart hits you.
You die...

..#.##.#....#..........
..........#.#..........#
.[........?.............
....#..................#
....#..# #..#..........
.).....###..#..........
..............h....###..
#>..........l.S.†.......
..$........#####@#.####
#...##.#..............#
#...##........<.........
#...##..##.#.###...#.#.#
#...##.......# #...# #
....##..##.... ....#
..............)......
.#..##...#.......# .


You could see Natasha, an adder and a frilled lizard.

Vanquished Creatures
  2 bats (D:1)
  2 giant cockroaches (D:1)
  3 goblins
  6 hobgoblins
  2 kobolds (D:2)
  3 frilled lizards
  2 rats (D:1)
20 creatures vanquished.

Notes
Turn   | Place    | Note
-------+----------+-------------------------------------------
     0 | D:1      | fly the Ogre Fire Elementalist began the quest for the Orb.
     0 | D:1      | Reached XP level 1. HP: 16/16 MP: 3/3
    53 | D:1      | Reached skill level 1 in Conjurations
   206 | D:1      | Reached XP level 2. HP: 24/24 MP: 1/5
  1062 | D:2      | Noticed Natasha
  1119 | D:2      | You fall through a shaft!
  1154 | D:3      | Found an ornate altar of the Wu Jian Council.
  1210 | D:2      | HP: 1/24 [Natasha (4)]
  1217 | D:2      | Killed from afar by Natasha

Skill      XL: |  1  2 |
---------------+-------+-----
Conjurations   | 1 |  1.6
Dodging        | 2 |  2.1
Stealth        | |  1.4
Spellcasting   | |  2.7
Fire Magic     | |  2.9

Action                   || total
-------------------------++-------
 Cast: Flame Tongue      ||    50
  Use: Potion            ||     1
  Eat: Chunk             ||     1
Armor: Robe              ||     6
Dodge: Dodged            ||    12
